AoeStats
← Jurydas

Arena

506102373Analyzed
4v4 RM · 20d ago on Sep 12, 2026· 32m 30s· 8 players
Game mode
Random Map
Map size
Large (8 player)
Population
200
Speed
Normal
Resources
Standard
Victory
Conquest
Starting age
Dark Age
Ending age
Imperial Age
RankedLock teamsTeams togetherTeam positionsShared explorationLock speedFull tech treeHidden civsTurbo modeCheats
Victory
Defeat
🇧🇬 Turks · Bulgaria
1835
+5
🇮🇳 Italians · India
1772
+7
🇺🇸 Slavs · United States
1505
+16
🇨🇿 Bohemians · Czechia
1459
+17
🇻🇳 Lithuanians · Vietnam
1594
-14
🇨🇳 Georgians · China
1532
-11
🇻🇳 Mongols · Vietnam
1518
-11
1487
-9
今夜月色真好
10:54 Feudal Age
15:08 Castle Age
13:41 Horse Collar
18:44 Fervor
19:47 Redemption
20:46 Double-Bit Axe
22:08 Sanctity
2∂√∞.≈≠䨻≥∰∇∀
10:38 Feudal Age
14:33 Castle Age
12:51 Horse Collar
14:05 Double-Bit Axe
20:57 Wheelbarrow
21:56 Chemistry
22:36 Padded Archer Armor
23:28 Bow Saw
24:38 Leather Archer Armor
25:55 Hand Cart
28:45 Loom
timembh
5:54 Loom
11:29 Feudal Age
15:36 Castle Age
14:01 Double-Bit Axe
13:58 Horse Collar
17:10 Bow Saw
20:10 Fletching
20:49 Town Watch
21:40 Wheelbarrow
29:59 Imperial Age
28:11 Scale Barding Armor
28:40 Bloodlines
28:31 Husbandry
28:51 Forging
29:09 Heavy Plow
31:00 Chain Barding Armor
30:06 Cavalier
32:29 Plate Barding Armor
33:29 Iron Casting
Bis
5:28 Loom
10:08 Feudal Age
12:09 Loom
15:11 Castle Age
13:35 Horse Collar
13:41 Double-Bit Axe
17:01 Wheelbarrow
27:23 Imperial Age
25:01 Gold Mining
25:34 Fletching
26:14 Bow Saw
26:34 Bodkin Arrow
28:52 Bracer
30:10 Chemistry
29:42 Padded Archer Armor
30:34 Gold Shaft Mining
Zni.Kark01
8:53 Loom
10:38 Feudal Age
12:06 Town Watch
15:01 Castle Age
13:29 Double-Bit Axe
13:55 Horse Collar
15:22 Gold Mining
16:37 Fletching
20:35 Bodkin Arrow
21:31 Padded Archer Armor
25:50 Leather Archer Armor
28:29 Ballistics
29:29 Bow Saw
29:20 Heavy Plow
Jurydas
11:16 Feudal Age
11:46 Double-Bit Axe
11:55 Horse Collar
16:53 Castle Age
18:06 Bow Saw
18:28 Loom
19:29 Wheelbarrow
18:40 Town Watch
20:19 Fervor
27:10 Imperial Age
25:34 Heavy Plow
27:07 Chemistry
27:37 Hand Cart
28:01 Ballistics
27:35 Fletching
30:01 Siege Engineers
30:44 Masonry
31:51 Bodkin Arrow
32:56 Bracer
AML4554
11:05 Feudal Age
16:05 Castle Age
14:09 Horse Collar
14:37 Double-Bit Axe
17:22 Bow Saw
22:03 Light Cavalry
23:30 Sanctity
24:00 Wheelbarrow
25:09 Hand Cart
25:36 Heavy Plow
27:08 Loom
31:08 Imperial Age
29:35 Pikeman
30:28 Scale Mail Armor
30:38 Forging
30:52 Squires
30:59 Detinets
32:18 Chain Mail Armor
33:03 Iron Casting
32:07 Halberdier
32:44 Gold Mining
33:57 Two-Man Saw
33:28 Crop Rotation
Zni.Locuss
11:33 Feudal Age
12:16 Double-Bit Axe
16:27 Castle Age
20:42 Imperial Age
18:38 Gold Mining
Connection lost

Rejoining the realm…

Still unreachable

The connection could not be restored.

Session expired

The server has moved on; the page needs a fresh start.